 Dungeon Crawl Stone Soup version 0.24-a0-549-g45f0056d81 (webtiles) character file.

Game seed: 14136257084591858140

2345 darksquall the Spear-Bearer (level 9, -1/79 HPs)
             Began as a Centaur Gladiator on Aug 19, 2019.
             Was an Initiate of Okawaru.
             Shot with a sling bullet by Joseph (12 damage)
             ... on level 7 of the Dungeon.
             The game lasted 00:21:56 (8798 turns).

darksquall the Spear-Bearer (Centaur Gladiator)     Turns: 8798, Time: 00:21:58

Health: -1/79      AC:  9    Str: 21    XL:     9   Next: 20%
Magic:  10/10      EV:  6    Int:  7    God:    Okawaru [......]
Gold:   430        SH:  0    Dex: 10    Spells: 8/8 levels left

rFire    . . .     SeeInvis .   t - +1 halberd (chop)
rCold    . . .     Gourm    .   (shield currently unavailable)
rNeg     . . .     Faith    .   p - +0 chain mail
rPois    .         Spirit   .   c - +0 helmet
rElec    .         Reflect  .   k - +0 cloak
rCorr    .         Harm     .   (no gloves)
MR       .....                  (no barding)
Stlth    ..........             (no amulet)
HPRegen  0.23/turn              (no ring)
MPRegen  0.12/turn              (no ring)

@: lightly drained, very quick
A: large, hooves 3, deformed body, speed 2, tough skin 3
a: Renounce Religion


You were on level 7 of the Dungeon.
You worshipped Okawaru.
Okawaru was noncommittal.
You were hungry.

You visited 1 branch of the dungeon, and saw 7 of its levels.

You collected 430 gold pieces.

Inventory:

Hand Weapons
 a - a +0 trident
 t - a +1 halberd of chopping (weapon)
Missiles
 d - 3 throwing nets
 i - 7 boomerangs (quivered)
Armour
 b - a +0 leather armour
 c - a +0 helmet (worn)
 k - a +0 cloak (worn)
 p - a +0 chain mail (worn)
Wands
 n - a wand of paralysis (11)
 w - a wand of digging (5)
Scrolls
 m - 3 scrolls of amnesia
 q - 2 scrolls of teleportation
 r - a scroll of enchant weapon
 u - a scroll of fog
 v - a scroll of immolation {unknown}
 y - 3 scrolls of identify
Potions
 e - 2 potions of degeneration {unknown}
 g - a potion of flight {unknown}
 h - 4 potions of curing
 j - a potion of might
 l - 2 potions of magic {unknown}
 o - a potion of cancellation {unknown}
 s - a potion of haste
 x - a potion of agility
 z - a potion of ambrosia {unknown}
 A - a potion of brilliance {unknown}
 B - a potion of heal wounds {unknown}
Comestibles
 f - 11 rations


   Skills:
 + Level 7.3(6.8) Fighting
 * Level 9.5(9.0) Polearms
 - Level 2.1(1.8) Throwing
 - Level 2.1(1.8) Dodging
 + Level 2.0(1.6) Invocations


You had 8 spell levels left.
You didn't know any spells.
Your spell library was empty.

Dungeon Overview and Level Annotations

Branches:
Dungeon (7/15)             Temple (0/1) D:6

Altars:
Ashenzari
Hepliaklqana
Kikubaaqudgha
Okawaru
Xom

Annotations:
D:7 Joseph


Innate Abilities, Weirdness & Mutations

You have hooves in place of feet.
Armour fits poorly on your strangely shaped body.
You cover ground very quickly.
You have extremely tough skin. (AC +3)


Message History

Press: ? - help, Dir - move target cursor, f/p - Joseph
Aim: Joseph, wielding a +1 hunting sling of flaming and wearing a +0 ring mail (heavily wounded)
You reach to attack!
Your chain mail prevents you from hitting Joseph.
Joseph is heavily wounded.
Joseph shoots a sling bullet.
The sling bullet hits you!
* * * LOW HITPOINT WARNING * * *
The sling bullet burns you.
* * * LOW HITPOINT WARNING * * *
Attack whom?
Press: ? - help, Dir - move target cursor, f/p - Joseph
Aim: Joseph, wielding a +1 hunting sling of flaming and wearing a +0 ring mail (heavily wounded)
You reach to attack!
You barely miss Joseph.
Joseph is heavily wounded.
Joseph shoots a sling bullet.
The sling bullet hits you.
* * * LOW HITPOINT WARNING * * *
The sling bullet burns you.
* * * LOW HITPOINT WARNING * * *
You feel better.
Joseph shoots a sling bullet.
The sling bullet hits you!
You die...

... ....# ... .
...$.....####.... .
......##...##...# #.
.....####.......### .#.
.......#..........#####.#.
........................##
................#.......#.
...........####.#.........
......@.@((.(##.#.......##
###.###.......#.........#.
#...............###.
#...........##.####.
.........###......##.
...#......###......#..
..###.................. ..
#.....#.....<....##
.....###...##....#


You could see Joseph.

Vanquished Creatures
  Grinder (D:4)
  Prince Ribbit (D:7)
  Edmund (D:6)
  2 sky beasts (D:6)
  An ice beast (D:6)
  An orc warrior (D:6)
  An ogre (D:6)
  2 phantoms
  2 bullfrogs
  A scorpion (D:3)
  A wight (D:7)
  A crimson imp (D:5)
  A howler monkey (D:4)
  A centaur zombie (D:7)
  A bullfrog zombie (D:6)
  A quasit (D:6)
  5 hounds
  A jelly (D:6)
  A centaur skeleton (D:6)
  3 orc priests
  5 orc wizards
  Crazy Yiuf (D:2)
  Ijyb (D:5)
  Terence (D:2)
  An iguana (D:6)
  4 worker ants
  A hound zombie (D:6)
  A worker ant zombie (D:6)
  4 gnolls
  4 adders
  A shadow imp (D:5)
  An adder zombie (D:5)
  A worm (D:6)
  2 dart slugs
  4 leopard geckos
  23 orcs
  A bat (D:1)
  4 giant cockroaches
  4 goblins
  3 hobgoblins
  5 jackals
  2 quokkas (D:4)
  A ball python (D:1)
  3 frilled lizards
  A jackal zombie (D:7)
  5 kobolds
  A leopard gecko skeleton (D:4)
  A quokka skeleton (D:4)
  4 rats
119 creatures vanquished.

Notes
Turn   | Place    | Note
-------+----------+-------------------------------------------
     0 | D:1      | darksquall the Centaur Gladiator began the quest for the
                  | Orb.
     0 | D:1      | Reached XP level 1. HP: 17/17 MP: 1/1
   452 | D:1      | Reached skill level 3 in Polearms
   535 | D:1      | Reached XP level 2. HP: 24/24 MP: 2/2
  1078 | D:2      | Noticed Terence
  1119 | D:2      | Killed Terence
  1119 | D:2      | Reached XP level 3. HP: 24/30 MP: 3/3
  1188 | D:2      | HP: 1/30 [poisoned by a kobold]
  1492 | D:2      | Found a runed translucent door.
  1493 | D:2      | Noticed Crazy Yiuf
  2280 | D:2      | Killed Crazy Yiuf
  2280 | D:2      | Reached skill level 4 in Polearms
  2280 | D:2      | Reached XP level 4. HP: 17/38 MP: 4/4
  2761 | D:3      | Found a hazy altar of Hepliaklqana.
  2869 | D:3      | Noticed a bullfrog
  2870 | D:3      | Found an ancient bone altar of Kikubaaqudgha.
  2875 | D:3      | Killed a bullfrog
  2875 | D:3      | Reached XP level 5. HP: 23/45 MP: 5/5
  3534 | D:4      | Reached skill level 5 in Polearms
  3932 | D:4      | Reached XP level 6. HP: 47/52 MP: 6/6
  4376 | D:4      | Noticed Grinder
  4389 | D:4      | Paralysed by Grinder for 7 turns
  4419 | D:4      | Killed Grinder
  4419 | D:4      | Reached skill level 6 in Polearms
  4419 | D:4      | Reached XP level 7. HP: 29/60 MP: 7/7
  4837 | D:4      | Found a shimmering altar of Xom.
  4909 | D:5      | Entered Level 5 of the Dungeon
  4945 | D:5      | Reached skill level 5 in Fighting
  5117 | D:5      | Reached skill level 7 in Polearms
  5185 | D:5      | Noticed Ijyb
  5195 | D:5      | Killed Ijyb
  6404 | D:6      | Reached XP level 8. HP: 56/70 MP: 8/8
  6510 | D:6      | Reached skill level 8 in Polearms
  6696 | D:6      | Noticed Edmund
  6912 | D:6      | Killed Edmund
  7053 | D:6      | Reached skill level 9 in Polearms
  7340 | D:6      | Found a shattered altar of Ashenzari.
  7340 | D:6      | Found an iron altar of Okawaru.
  7353 | D:6      | Found a staircase to the Ecumenical Temple.
  7372 | D:6      | Became a worshipper of Warmaster Okawaru
  7538 | D:5      | HP: 2/71 [wight/+5 great sword (9)]
  8109 | D:6      | Reached XP level 9. HP: 59/79 MP: 9/9
  8200 | D:6      | Reached skill level 1 in Invocations
  8532 | D:7      | Noticed Prince Ribbit
  8551 | D:7      | Killed Prince Ribbit
  8785 | D:7      | Noticed Joseph
  8796 | D:7      | HP: 3/79 [Joseph/sling bullet (3)]
  8797 | D:7      | HP: 1/79 [Joseph/sling bullet (1)]
  8798 | D:7      | Shot with a sling bullet by Joseph

Levels and vault maps discovered:
D:1:      minmay_arrival_plants_in_alcoves, layout_basic, minmay_pentomino_t2
D:2:      layout_loops_corners, nicolae_overflow_hidden_temple, uniq_terence,
          uniq_crazy_yiuf_cottage
D:3:      layout_basic, nicolae_overflow_crystal_walls, lemuel_doored_altar
D:4:      layout_rooms, kennysheep_little_box, uniq_grinder
D:5:      layout_layer_cave, first_ration, uniq_ijyb
D:6:      layout_rooms, gammafunk_temple_overflow_elements,
          minmay_temple_entry_gardened_gates, uniq_edmund
D:7:      kennysheep_kobold_camp, layout_cave_pools, lemuel_round_altar,
          uniq_prince_ribbit1, uniq_joseph, uniq_duvessa

Skill      XL: |  1  2  3  4  5  6  7  8  9 |
---------------+----------------------------+-----
Polearms       | 3 4 5 6 7 9 |  9.5
Fighting       | 3 4 5 7 |  7.3
Invocations    | 2 |  2.0
Throwing       | |  2.1
Dodging        | |  2.1

Action                   |  1- 3 |  4- 6 |  7- 9 || total
-------------------------+-------+-------+-------++-------
Melee: Trident           |    73 |    95 |    16 ||   184
       Kick              |     9 |    20 |    61 ||    90
       Halberd           |       |       |   289 ||   289
Throw: Boomerang         |    13 |     7 |    10 ||    30
  Use: Scroll            |     5 |     4 |     3 ||    12
       Potion            |     2 |     2 |     2 ||     6
  Eat: Chunk             |     2 |     6 |     5 ||    13
       Ration            |       |       |     2 ||     2
Armor: Leather armour    |    21 |    15 |    32 ||    68
       Skin              |     7 |       |       ||     7
       Chain mail        |       |       |   175 ||   175
Dodge: Dodged            |    25 |    37 |   100 ||   162

Table legend:
 A = Non-vault XP
 B = Vault XP
 C = Vault XP percentage of total XP
 D = Non-vault monster count
 E = Vault monster count
 F = Vault count percentage of total count
                 A         B        C        D         E       F
            +---------+---------+-------+---------+---------+-------
      Total |    2537 |     814 |  24.3 |     111 |       8 |   6.7
            +---------+---------+-------+---------+---------+-------
        D:1 |      27 |       2 |   6.9 |      15 |       2 |  11.8
        D:2 |      21 |      75 |  78.1 |       5 |       2 |  28.6
        D:3 |     257 |       0 |   0.0 |      14 |       0 |   0.0
        D:4 |     263 |     272 |  50.8 |      10 |       1 |   9.1
        D:5 |     304 |      39 |  11.4 |      17 |       1 |   5.6
        D:6 |    1506 |     158 |   9.5 |      43 |       1 |   2.3
        D:7 |     159 |     268 |  62.8 |       7 |       1 |  12.5
            +---------+---------+-------+---------+---------+-------
